 Dungeon Crawl Stone Soup version 0.23.1 (webtiles) character file.

Game seed: 15691105817336944766

4468 Borgoz the Cutter (level 10, -6/59 HPs)
             Began as a Gargoyle Enchanter on Mar 9, 2019.
             Was a Follower of Ashenzari.
             Mangled by Psyche
             ... wielding a +0 dagger of distortion
              (21 damage)
             ... on level 8 of the Dungeon.
             The game lasted 00:20:58 (10056 turns).

Borgoz the Cutter (Gargoyle Enchanter)             Turns: 10056, Time: 00:20:59

Health: -6/59      AC: 21    Str: 13    XL:     10   Next: 37%
Magic:  12/17      EV: 12    Int: 16    God:    Ashenzari [*.....]
Gold:   62         SH:  0    Dex: 12    Spells: 12/18 levels left

rFire    . . .     SeeInvis .   n - +0 rapier
rCold    . . .     Gourm    .   (no shield)
rNeg     + . .     Faith    .   t - +0 ring mail
rPois    ∞         Spirit   .   I - +1 helmet
rElec    +         Reflect  .   r - +1 cloak
rCorr    +         Harm     .   (no gloves)
MR       .....                  E - +2 pair of boots (curse)
Stlth    +++.......             (no amulet)
HPRegen  0.19/turn              u - ring of wizardry (curse)
MPRegen  0.15/turn              y - ring of resist corrosion

@: about to teleport, invisible
A: negative energy resistance 1, electricity resistance, unbreathing,
petrification resistance, rot immunity, AC +7
a: Curse Item, Scrying, Renounce Religion


You were on level 8 of the Dungeon.
You worshipped Ashenzari.
Ashenzari was aware of your devotion.
You were near starving.

You visited 2 branches of the dungeon, and saw 9 of its levels.

You collected 347 gold pieces.
You spent 285 gold pieces at shops.

Inventory:

Hand Weapons
 n - a +0 rapier (weapon)
 C - a +4 quarterstaff of chaos
Missiles
 a - 7 tomahawks (quivered)
 v - 56 poisoned needles
 A - 2 javelins
Armour
 r - a +1 cloak (worn)
 t - a +0 ring mail (worn)
 E - a cursed +2 pair of boots (worn)
 I - a +1 helmet (worn)
Jewellery
 u - a cursed ring of wizardry (left hand)
 y - a ring of resist corrosion (right hand)
Wands
 b - a wand of disintegration (13)
 p - a wand of polymorph (21)
 B - a wand of flame (11)
Scrolls
 c - 6 scrolls of teleportation
 h - a scroll of enchant armour
 k - 2 scrolls of remove curse
 m - a scroll of amnesia
 z - a scroll of blinking
 D - a scroll of immolation
 F - a scroll of fear
 G - a scroll of holy word
 H - a scroll of identify
Potions
 f - 4 potions of haste
 i - a potion of resistance
 j - 2 potions of flight
 l - a potion of heal wounds
 o - 2 potions of curing
 q - a potion of brilliance
 s - a potion of agility
 x - 2 potions of mutation
Comestibles
 d - 13 rations


   Skills:
 + Level 5.1 Fighting
 + Level 6.8 Short Blades
 + Level 5.2 Armour
 + Level 4.5 Dodging
 + Level 6.7 Stealth
 + Level 4.8 Spellcasting
 + Level 6.5 Hexes


You had 12 spell levels left.
You knew the following spells:

 Your Spells              Type           Power        Failure   Level  Hunger
a - Corona                Hex            ###....      1%          1    None
b - Ensorcelled Hibernat  Hex/Ice        ##....       4%          2    ##.....
c - Confuse               Hex            ###.....     2%          3    ###....

Your spell library contained the following spells:

 Spells                   Type           Power        Failure   Level  Hunger
 Confusing Touch          Hex            ###...       1%          1    None
 Tukima's Dance           Hex            ###.....     2%          3    ###....
 Dazzling Spray           Conj/Hex       ##....       10%         3    ###....
 Beastly Appendage        Tmut           #.....       12%         1    None
 Sticks to Snakes         Tmut           #.......     19%         2    ##.....
 Gell's Gravitas          Tloc           #.........   34%         3    ###....
 Spider Form              Tmut/Pois      #.........   34%         3    ###....
 Metabolic Englaciation   Hex/Ice        ##........   61%         5    ######.
 Yara's Violent Unravell  Hex/Tmut       ##........   61%         5    ######.
 Ice Form                 Ice/Tmut       #.......     73%         4    ####...
 Petrify                  Tmut/Erth      #.......     73%         4    ####...
 Blade Hands              Tmut           #.........   96%         5    ######.


Dungeon Overview and Level Annotations

Branches:
Dungeon (8/15)             Temple (1/1) D:7            Lair (0/6) D:8

Altars:
Ashenzari
Cheibriados
Dithmenos
Elyvilon
Fedhas
Gozag
Hepliaklqana
Kikubaaqudgha
Makhleb
Nemelex Xobeh
Okawaru
Qazlal
Ru
Sif Muna
Trog
Uskayaw
Vehumet
Wu Jian
Xom
Yredelemnul
Zin
The Shining One

Shops:
D:5 }   D:8 [

Annotations:
D:8 Psyche


Innate Abilities, Weirdness & Mutations

You are resistant to torment.
Your stone body is resilient. (AC +7)
You are immune to poison.
You resist negative energy. (rN+)
You are resistant to electric shocks. (rElec)
You can survive without breathing.
You are immune to petrification.
You are immune to rotting.


Message History

Psyche is severely wounded.
Psyche hits you but does no damage. Space warps horribly around you!!
Psyche casts a spell at you.
The magic dart hits you but does no damage.
You hit Psyche but do no damage.
Psyche is severely wounded.
Psyche hits you but does no damage. Space bends around you.
Psyche points at you and mumbles some strange words.
The magic dart hits you but does no damage.
You miss Psyche.
Psyche is severely wounded.
Psyche hits you but does no damage. Space bends around you.
Psyche hits you but does no damage. Space warps horribly around you!!
* * * LOW HITPOINT WARNING * * *
Psyche laughs secretively.
Psyche begins to cast a cantrip, but forgets the words!
Psyche hits you but does no damage.
You feel strangely unstable.
You fade into invisibility!
Psyche hits you but does no damage. Space warps horribly around you!!
You die...

#######.###.......#.# #.
#.# #.......#.##### #.#
#########...... #.# ...
####### ###.#####.##
####### ##...##.....#
#...... #....#......#
#....##
######....#......#.##.#...≈
#......#..@@.....'.###..#..
##.#####.###.....### #.##P.
#.....#.# #.....# #...PP
#####.#.# #........ #≈.P.>
#.#.#############..P.P
#.#....# #....##.##PP
#.####.# #.##..#..#..
#......# #.#....#...≈
######## #.#..<....##


You could see Psyche.

Vanquished Creatures
  Pikel (D:7)
  Joseph (D:8)
  3 humans (D:7)
  Grum (D:8)
  Duvessa (D:4)
  2 ice beasts (D:8)
  4 phantoms
  2 sky beasts
  2 wolves (D:8)
  An ogre (D:5)
  3 centaurs
  2 big kobolds
  7 bullfrogs
  A wyvern skeleton (D:8)
  Dowan (D:4)
  A water moccasin skeleton (D:7)
  3 howler monkeys
  5 crimson imps
  A centaur zombie (D:7)
  3 hounds
  2 lava snakes (D:8)
  3 orc priests
  Crazy Yiuf (D:6)
  A bullfrog skeleton (D:6)
  An orc wizard (D:8)
  Terence (D:3)
  An iguana (D:7)
  6 worker ants
  2 hound zombies
  A howler monkey zombie (D:6)
  A worker ant zombie (D:5)
  A howler monkey skeleton (D:5)
  7 adders
  A shadow imp (D:8)
  A worm (D:3)
  3 leopard geckos
  20 orcs
  A ball python (D:2)
  6 bats
  9 giant cockroaches
  10 goblins
  6 hobgoblins
  15 jackals
  15 kobolds
  3 quokkas
  2 frilled lizards
  A jackal skeleton (D:4)
  4 rats
170 creatures vanquished.

Vanquished Creatures (others)
  2 slaves (D:7)
  A giant cockroach (D:7)
3 creatures vanquished.

Grand Total: 173 creatures vanquished

Notes
Turn   | Place    | Note
-------+----------+-------------------------------------------
     0 | D:1      | Borgoz the Gargoyle Enchanter began the quest for the Orb.
     0 | D:1      | Reached XP level 1. HP: 10/10 MP: 3/3
   231 | D:1      | Reached skill level 1 in Short Blades
   420 | D:1      | Reached XP level 2. HP: 12/15 MP: 5/5
   493 | D:1      | Learned a level 2 spell: Ensorcelled Hibernation
   948 | D:2      | Reached XP level 3. HP: 6/20 MP: 6/6
  1411 | D:2      | Found a faded altar of an unknown god.
  1423 | D:2      | Noticed an earth elemental
  1429 | D:2      | Reached skill level 1 in Fighting
  1443 | D:2      | Found a stormy altar of Qazlal.
  1451 | D:2      | Noticed an air elemental
  1452 | D:2      | Noticed a fire elemental
  1452 | D:2      | Noticed a water elemental
  1651 | D:2      | Reached skill level 1 in Armour
  1651 | D:2      | Reached XP level 4. HP: 14/25 MP: 7/7
  1782 | D:2      | Found a burning altar of Makhleb.
  2193 | D:3      | Found an ornate altar of the Wu Jian Council.
  2562 | D:3      | Noticed Terence
  2586 | D:3      | Killed Terence
  2586 | D:3      | Reached XP level 5. HP: 15/29 MP: 2/8
  3423 | D:4      | Noticed Duvessa
  3426 | D:4      | Noticed Dowan
  3670 | D:4      | Found an iron altar of Okawaru.
  3781 | D:4      | Found a radiant altar of Vehumet.
  3781 | D:4      | Found a blossoming altar of Fedhas.
  3901 | D:5      | Entered Level 5 of the Dungeon
  3918 | D:5      | Noticed an ogre
  3983 | D:5      | Noticed a centaur
  4051 | D:6      | Reached XP level 6. HP: 26/35 MP: 9/9
  4074 | D:6      | Learned a level 3 spell: Confuse
  4665 | D:6      | Noticed a sky beast
  4722 | D:6      | Killed a sky beast
  4722 | D:6      | Reached XP level 7. HP: 40/40 MP: 6/11
  4775 | D:6      | Found a blossoming altar of Fedhas.
  5124 | D:5      | Reached XP level 8. HP: 45/45 MP: 12/12
  5317 | D:5      | Found Noprah's Gadget Shop.
  5674 | D:5      | Reached skill level 5 in Stealth
  6029 | D:6      | Reached skill level 5 in Hexes
  6484 | D:6      | Found a glowing silver altar of Zin.
  6538 | D:6      | Found a runed translucent door.
  6539 | D:6      | Noticed Crazy Yiuf
  6645 | D:6      | Found a bloodstained altar of Trog.
  6840 | D:6      | Killed Crazy Yiuf
  6962 | D:4      | Killed Duvessa
  6962 | D:4      | Reached XP level 9. HP: 30/52 MP: 9/14
  6966 | D:4      | Killed Dowan
  7098 | D:7      | Found a staircase to the Ecumenical Temple.
  7155 | D:7      | Reached skill level 5 in Short Blades
  7453 | Temple   | Entered the Ecumenical Temple
  7577 | Temple   | Became a worshipper of Ashenzari the Shackled
  7630 | D:7      | Found a hide-covered altar of Uskayaw.
  7708 | D:7      | Noticed Pikel
  7739 | D:7      | Killed Pikel
  8366 | D:8      | Found a staircase to the Lair.
  8405 | D:8      | Reached XP level 10. HP: 15/58 MP: 16/16
  8680 | D:8      | Found Wesiarea's Antique Armour Shop.
  8755 | D:8      | Noticed a fire crab
  9119 | D:8      | Reached skill level 5 in Armour
  9320 | D:8      | Noticed Joseph
  9356 | D:8      | Killed Joseph
  9356 | D:8      | Reached skill level 5 in Fighting
  9374 | D:8      | Noticed Grum
  9379 | D:8      | Killed Grum
  9614 | D:8      | Noticed Psyche
  9824 | D:8      | Bought a pair of brightly glowing boots for 285 gold pieces
  9834 | D:8      | Identified the +3 pair of boots of the Mantidfly {-Tele
                  | *Slow rPois Str+10} (You bought it in a shop on level 8 of
                  | the Dungeon)
 10046 | D:8      | Reached * piety under Ashenzari
 10056 | D:8      | Mangled by Psyche

Skill      XL: |  1  2  3  4  5  6  7  8  9 10 |
---------------+-------------------------------+-----
Short Blades   | 1 2 3 4 5 6 |  6.8
Hexes          | 3 4 5 6 |  6.5
Fighting       | 1 2 3 4 5 |  5.1
Armour         | 1 2 3 4 5 |  5.2
Dodging        | 2 3 4 |  4.5
Stealth        | 4 5 6 |  6.7
Spellcasting   | 3 4 |  4.8

Action                   |  1- 3 |  4- 6 |  7- 9 | 10-12 || total
-------------------------+-------+-------+-------+-------++-------
Melee: Dagger            |    84 |       |       |       ||    84
       Rapier            |    32 |   293 |   524 |   259 ||  1108
       Unarmed           |       |       |     4 |       ||     4
 Cast: Ensorcelled Hiber |       |    18 |    25 |    16 ||    59
       Confuse           |       |       |     4 |     3 ||     7
Invok: Curse Item        |       |       |       |     2 ||     2
  Use: Scroll            |       |    13 |     4 |     3 ||    20
       Potion            |       |       |     3 |     2 ||     5
 Stab: Sleeping          |     5 |    11 |    18 |     8 ||    42
       Confused          |       |       |     2 |       ||     2
  Eat: Chunk             |     2 |     8 |    14 |     5 ||    29
       Ration            |       |     1 |       |       ||     1
Armor: Robe              |    37 |    35 |       |       ||    72
       Ring mail         |       |   140 |   321 |   142 ||   603
Dodge: Dodged            |    84 |   217 |   336 |   135 ||   772
